 Dungeon Sprint DCSS version 0.28-a0-1510-gd0f6b136d3 (webtiles) character file.

Game seed: 16864119537247185330

24413 tatocazan the Bludgeoner (level 13, -3/96 HPs)
             Began as a Gargoyle Fighter on Jan 14, 2022.
             Was the Champion of Makhleb.
             Slain by a vampire knight (19 damage)
             ... in the Dungeon (Sprint IX: "|||||||||||||||||||||||||||||") on Jan 16, 2022.
             The game lasted 00:09:14 (2808 turns).

tatocazan the Bludgeoner (Gargoyle Fighter)         Turns: 2808, Time: 00:09:15

Health: -3/96      AC: 38    Str: 25    XL:     13   Next: 13%
Magic:  22/22      EV: 10    Int:  9    God:    Makhleb [******]
Gold:   1438       SH:  0    Dex: 12    Spells: 12/12 levels left

rFire   + + .      SeeInvis .   C - +7 great mace "Firestarter" {inner flame, rF++}
rCold   . . .      Faith    .   (shield currently unavailable)
rNeg    + . .      Spirit   .   H - +2 plate armour
rPois   ∞          Reflect  .   B - +1 helmet
rElec   +          Harm     .   c - +1 cloak
rCorr   .          Rampage  .   o - +0 pair of gloves
Will    .....      NoTele   +   (no boots)
Stlth   ..........              (no amulet)
HPRegen 0.26/turn               r - +3 ring of dexterity
MPRegen 0.18/turn               s - +2 ring of protection

@: no status effects
A: sickness immunity, AC +9, negative energy resistance 1, electricity
resistance, torment resistance 1, petrification resistance, sense surroundings 1
a: Renounce Religion, Minor Destruction, Lesser Servant of Makhleb, Major
Destruction, Greater Servant of Makhleb


You were in the Dungeon.
You worshipped Makhleb.
Makhleb was exalted by your worship.
You visited 1 branch You collected 1911 gold pieces.
You spent 473 gold pieces at shops.

Inventory:

Hand Weapons
 a - a +0 flail
 d - a +2 vampiric whip
 n - a +2 vorpal dire flail
 y - a +4 flail
 C - the +7 great mace "Firestarter" (weapon) {inner flame, rF++}
   (You found it in the Dungeon)

   It burns those it strikes, dealing additional fire damage.
   It fills those it strikes with an explosive inner flame.
   It grants immunity to clouds of flame.
   rF:        It greatly protects you from fire.
Missiles
 z - a throwing net (quivered)
Armour
 c - a +1 cloak (worn)
 i - a +0 cloak
 o - a +0 pair of gloves (worn)
 B - a +1 helmet (worn)
 H - a +2 plate armour (worn)
Jewellery
 k - a ring of ice
 r - a +3 ring of dexterity (left hand)
 s - a +2 ring of protection (right hand)
 t - a ring of protection from fire
 A - a ring of see invisible
Wands
 m - a wand of iceblast (2)
Scrolls
 j - 4 scrolls of blinking
 l - 2 scrolls of amnesia
 u - 4 scrolls of enchant weapon
 v - 4 scrolls of enchant armour
 w - 3 scrolls of fear
 G - 3 scrolls of fog
Potions
 e - 6 potions of curing
 f - a potion of invisibility
 g - 2 potions of mutation
 h - 4 potions of magic
 x - a potion of lignification {unknown}
 D - 2 potions of heal wounds
 E - a potion of brilliance
 F - 2 potions of might


   Skills:
 + Level 17.2 Fighting
 * Level 17.7 Maces & Flails
 + Level 17.2 Armour
 + Level 7.3 Dodging
 - Level 14.6 Shields
 * Level 13.2 Invocations


You had 12 spell levels left.
You didn't know any spells.
Your spell library was empty.

Dungeon Overview and Level Annotations

Branches:
Dungeon (1/1)

Altars:
Cheibriados
Dithmenos
Elyvilon
Fedhas
Gozag
Hepliaklqana
Kikubaaqudgha
Makhleb
Nemelex Xobeh
Okawaru
Qazlal
Ru
Sif Muna
Trog
Uskayaw
Vehumet
Wu Jian
Xom
Yredelemnul
Zin
The Shining One
Beogh
Jiyva
Lugonu

Shops:
D (:**


Innate Abilities, Weirdness & Mutations

You are immune to sickness and miasma.
Your stone body is resilient. (AC +9)
You are immune to poison.
You resist negative energy. (rN+)
You are resistant to electric shocks. (rElec)
You are resistant to unholy torment.
You are immune to petrification.
You passively map a small area around you.


Message History

Something hits you but does no damage. Something bites you but does no damage.
The fire giant hits you but does no damage.
You sock the fire giant!
Flame seeps out of the fire giant.
The fire giant is severely wounded.
Something hits you!
* * * LOW HITPOINT WARNING * * *
Something bites you.
* * * LOW HITPOINT WARNING * * *
The great orb of eyes is engulfed in blazing flames.
The fire giant is engulfed in blazing flames.
Flame seeps out of the fire giant.
The fire giant closely misses you.
You take 14 damage, and have 20/91 hp.
You bludgeon the fire giant!!
Flame seeps out of the fire giant.
You burn the fire giant.
Flame seeps out of the fire giant.
The fire giant is almost dead.
Something hits you but does no damage. Something completely misses you.
You hit the fire giant but do no damage.
The fire giant is almost dead.
The fire giant is engulfed in blazing flames.
Makhleb accepts your kill.
The fire giant explodes!
The fiery explosion engulfs the great orb of eyes!!
You kill the great orb of eyes!
Makhleb accepts your kill. The fiery explosion engulfs you! You resist.
* * * LOW HITPOINT WARNING * * *
The fiery explosion engulfs something!!!
Makhleb accepts your kill.
You feel better.
Reactivating autopickup.
The adder skeleton disappears in a puff of smoke!
You feel a bit more experienced.
The fiery explosion engulfs something!!
Your Dodging skill increases to level 7!
Your Invocations skill increases to level 13!
You have reached level 13!
You take 4 damage, and have 16/96 hp.
MP restored: 22 Deactivating autopickup; reactivate with Ctrl-A.
You closely miss something. Something hits you!!
You die...

▓.▓.▓.▓.▓.▓.▓,*
▓.▓.▓.▓.▓.▓.▓.▓
▓.▓.▓'▓.▓.▓.▓.▓
▓.▓.▓[▓.▓.▓.▓§▓ *
▓)▓.▓.▓.▓∩▓.▓.▓,
▓)▓.▓(▓.▓)▓.▓C▓
,* ,
▓.▓.▓(▓.▓∩▓.▓§▓ *
,*
▓.▓.▓.▓.▓.▓.▓°▓ *
▓.▓.▓.▓.▓∩▓.▓@▓,*
▓)▓.▓.▓.▓.▓.▓{▓
▓.▓.▓†▓.▓∩▓.▓)▓ *
▓.▓.▓.▓.▓.▓.▓)▓,
▓)▓.▓.▓.▓.▓.▓)▓,*
* *
▓.▓.▓.▓.▓)▓.▓)▓,
* ▓.▓.▓†▓.▓)▓.▓'▓
* *
▓'▓.▓'▓.▓)▓.▓.▓ *
▓_▓.▓.▓.▓)▓.▓.▓ *
*


You could see an ettin.

Vanquished Creatures
  A fire giant (D)
  A very ugly thing (D)
  A spark wasp (D)
  A great orb of eyes (D)
  Harold (D)
  3 ogre magi (D)
  3 hydras (D)
  7 two-headed ogres (D)
  2 centaur warriors (D)
  A vampire mage (D)
  A wizard (D)
  A deep elf pyromancer (D)
  3 orc knights (D)
  3 orc sorcerers (D)
  An ugly thing (D)
  A cyclops (D)
  3 black mambas (D)
  An elephant (D)
  A yaktaur (D)
  A komodo dragon (D)
  2 cane toads (D)
  2 tengu conjurers (D)
  5 polar bears (D)
  A troll (D)
  A hornet (D)
  2 blink frogs (D)
  A slime creature (D)
  3 yaks (D)
  2 vampire mosquitoes (D)
  A water moccasin (D)
  7 orc warriors (D)
  2 wolves (D)
  3 black bears (D)
  4 ogres (D)
  A centaur (D)
  A bullfrog (D)
  An iguana (D)
  4 orc wizards (D)
  12 orcs (D)
  2 bat zombies (D)
  A hobgoblin (D)
  2 kobolds (D)
  A quokka zombie (D)
  2 rats (D)
100 creatures vanquished.

Notes
Turn   | Place    | Note
-------+----------+-------------------------------------------
     0 | D        | tatocazan the Gargoyle Fighter began the quest for the Orb.
     0 | D        | Reached XP level 1. HP: 14/14 MP: 1/1
    68 | D        | Noticed an iguana
    74 | D        | Reached XP level 2. HP: 12/20 MP: 2/2
    77 | D        | HP: 1/20 [iguana (11)]
    82 | D        | Reached XP level 3. HP: 25/25 MP: 3/3
    98 | D        | Found a snail-covered altar of Cheibriados.
    98 | D        | Found a shadowy altar of Dithmenos.
    98 | D        | Found a white marble altar of Elyvilon.
    98 | D        | Found a blossoming altar of Fedhas.
    98 | D        | Found an opulent altar of Gozag.
    99 | D        | Found a hazy altar of Hepliaklqana.
   100 | D        | Found a viscous altar of Jiyva.
   101 | D        | Found an ancient bone altar of Kikubaaqudgha.
   102 | D        | Found a corrupted altar of Lugonu.
   103 | D        | Found a burning altar of Makhleb.
   104 | D        | Found a sparkling altar of Nemelex Xobeh.
   105 | D        | Found an iron altar of Okawaru.
   106 | D        | Found a stormy altar of Qazlal.
   107 | D        | Found a sacrificial altar of Ru.
   108 | D        | Found a shimmering blue altar of Sif Muna.
   109 | D        | Found a bloodstained altar of Trog.
   110 | D        | Found a hide-covered altar of Uskayaw.
   111 | D        | Became a worshipper of Makhleb the Destroyer
   112 | D        | Found a radiant altar of Vehumet.
   113 | D        | Found an ornate altar of the Wu Jian Council.
   114 | D        | Found a shimmering altar of Xom.
   115 | D        | Found a basalt altar of Yredelemnul.
   116 | D        | Found a glowing silver altar of Zin.
   117 | D        | Found a glowing golden altar of the Shining One.
   171 | D        | Noticed a yak
   171 | D        | Noticed a hornet
   171 | D        | Noticed a troll
   174 | D        | HP: 1/25 [troll (14)]
   177 | D        | Upgraded the game from 0.28-a0-1506-g3893175d92 to
                  | 0.28-a0-1510-gd0f6b136d3
   182 | D        | Killed a troll
   183 | D        | Reached XP level 4. HP: 34/34 MP: 4/4
   183 | D        | Reached XP level 5. HP: 38/38 MP: 5/5
   183 | D        | Reached XP level 6. HP: 44/44 MP: 6/6
   191 | D        | Killed a hornet
   198 | D        | Reached * piety under Makhleb
   199 | D        | Reached XP level 7. HP: 50/50 MP: 7/7
   232 | D        | Killed a yak
   235 | D        | Reached ** piety under Makhleb
   360 | D        | Noticed a vampire mosquito
   360 | D        | Noticed a tengu conjurer
   360 | D        | Noticed a vampire mosquito
   360 | D        | Noticed a slime creature
   360 | D        | Noticed a two-headed ogre
   384 | D        | Killed a two-headed ogre
   385 | D        | Reached skill level 10 in Fighting
   385 | D        | Reached skill level 10 in Armour
   385 | D        | Reached skill level 10 in Shields
   385 | D        | Reached XP level 8. HP: 22/59 MP: 8/8
   896 | D        | Killed a slime creature
   935 | D        | Reached *** piety under Makhleb
   936 | D        | Reached skill level 10 in Maces & Flails
   959 | D        | Reached XP level 9. HP: 38/64 MP: 9/9
   961 | D        | Killed a tengu conjurer
  1279 | D        | Gained mutation: You are robust. (+10% HP) [potion of
                  | mutation]
  1279 | D        | Gained mutation: You have hidden genetic potential. [potion
                  | of mutation]
  1295 | D        | Noticed a four-headed hydra
  1295 | D        | Noticed a black mamba
  1307 | D        | Noticed a four-headed hydra
  1310 | D        | Noticed a cane toad
  1323 | D        | Killed a four-headed hydra
  1323 | D        | Reached **** piety under Makhleb
  1339 | D        | Killed a four-headed hydra
  1340 | D        | Reached XP level 10. HP: 79/79 MP: 10/10
  1362 | D        | Killed a black mamba
  1364 | D        | Gained mutation: You have sharp toenails. [hidden
                  | potential]
  1383 | D        | Killed a cane toad
  1383 | D        | Reached ***** piety under Makhleb
  1566 | D        | Noticed a black mamba
  1566 | D        | Noticed a cane toad
  1566 | D        | Noticed a six-headed hydra
  1573 | D        | Killed a six-headed hydra
  1575 | D        | Killed a cane toad
  1577 | D        | Noticed a black mamba
  1580 | D        | Noticed an elephant
  1595 | D        | Killed a black mamba
  1600 | D        | Killed a black mamba
  1617 | D        | Killed an elephant
  1617 | D        | Reached ****** piety under Makhleb
  1618 | D        | Reached XP level 11. HP: 88/88 MP: 11/11
  1660 | D        | Reached skill level 1 in Invocations
  1670 | D        | Reached skill level 1 in Dodging
  1804 | D        | Noticed Harold
  1828 | D        | Killed Harold
  1829 | D        | Reached skill level 15 in Fighting
  1829 | D        | Reached skill level 15 in Armour
  1935 | D        | Noticed an orc sorcerer
  1946 | D        | Reached skill level 5 in Invocations
  1946 | D        | Noticed an orc knight
  1972 | D        | Killed an orc sorcerer
  1995 | D        | Killed an orc knight
  2066 | D        | Noticed an orc sorcerer
  2066 | D        | Noticed an orc knight
  2066 | D        | Noticed an orc knight
  2094 | D        | Killed an orc knight
  2106 | D        | Killed an orc knight
  2118 | D        | Killed an orc sorcerer
  2153 | D        | Noticed an orc sorcerer
  2161 | D        | Killed an orc sorcerer
  2162 | D        | Reached skill level 15 in Maces & Flails
  2198 | D        | Found Xedauhul's Assorted Antiques.
  2198 | D        | Noticed a two-headed ogre
  2198 | D        | Noticed an ogre mage
  2198 | D        | Noticed a two-headed ogre
  2200 | D        | Noticed an ogre mage
  2213 | D        | Noticed a two-headed ogre
  2216 | D        | Killed a two-headed ogre
  2222 | D        | Paralysed by something for 2 turns
  2224 | D        | Noticed an ogre mage
  2232 | D        | Killed an ogre mage
  2233 | D        | Reached XP level 12. HP: 42/96 MP: 18/18
  2242 | D        | Killed a two-headed ogre
  2243 | D        | Found Luigaet's Assorted Antiques.
  2249 | D        | Killed an ogre mage
  2250 | D        | Reached skill level 5 in Dodging
  2255 | D        | Killed a two-headed ogre
  2266 | D        | Killed an ogre mage
  2267 | D        | Reached skill level 10 in Invocations
  2275 | D        | Found Kosizys's Book Boutique.
  2278 | D        | Gained mutation: You have a pair of small antennae on your
                  | head. [hidden potential]
  2278 | D        | Lost mutation: You have hidden genetic potential. [hidden
                  | potential expressed]
  2279 | D        | Found Diyprid's Antique Weapon Shop.
  2282 | D        | Lost mutation: You have a pair of small antennae on your
                  | head. [potion of mutation]
  2282 | D        | Lost mutation: You are robust. (+10% HP) [potion of
                  | mutation]
  2282 | D        | Gained mutation: You are weak. (Str -2) [potion of
                  | mutation]
  2282 | D        | Gained mutation: Your movements are slightly less
                  | encumbered by armour. (ER -2) [potion of mutation]
  2283 | D        | Lost mutation: Your movements are slightly less encumbered
                  | by armour. (ER -2) [potion of mutation]
  2283 | D        | Lost mutation: You are weak. (Str -2) [potion of mutation]
  2283 | D        | Lost mutation: You have sharp toenails. [potion of
                  | mutation]
  2283 | D        | Gained mutation: You passively map a small area around you.
                  | [potion of mutation]
  2286 | D        | Noticed a two-headed ogre
  2288 | D        | Noticed a two-headed ogre
  2289 | D        | Noticed a two-headed ogre
  2300 | D        | Killed a two-headed ogre
  2325 | D        | Killed a two-headed ogre
  2336 | D        | Killed a two-headed ogre
  2360 | D        | Bought a potion of mutation for 144 gold pieces
  2360 | D        | Bought a scroll labelled DAUKHI MYRU for 18 gold pieces
  2360 | D        | Bought a scroll labelled WOELEONUMN for 18 gold pieces
  2360 | D        | Bought a scroll labelled TALUTHRIRONG for 18 gold pieces
  2360 | D        | Bought a scroll of fear for 63 gold pieces
  2362 | D        | Bought a glowing helmet for 187 gold pieces
  2362 | D        | Bought a scroll labelled PYONAI MIUWEU for 25 gold pieces
  2660 | D        | Found the +7 great mace "Firestarter" {inner flame, rF++}
  2762 | D        | Noticed a centaur warrior
  2762 | D        | Noticed a centaur warrior
  2766 | D        | Killed a centaur warrior
  2769 | D        | Noticed a spark wasp
  2771 | D        | Killed a centaur warrior
  2772 | D        | Noticed a brown very ugly thing
  2775 | D        | Noticed a fire giant
  2778 | D        | Noticed a great orb of eyes
  2783 | D        | Noticed a vampire knight
  2784 | D        | Noticed a vampire mage
  2789 | D        | Killed a brown very ugly thing
  2790 | D        | Noticed an ettin
  2794 | D        | Killed a spark wasp
  2797 | D        | Paralysed by something for 3 turns
  2807 | D        | Killed a fire giant
  2807 | D        | Killed a great orb of eyes
  2807 | D        | Killed a vampire mage
  2808 | D        | Reached XP level 13. HP: 16/96 MP: 22/22
  2808 | D        | Slain by a vampire knight

Illustrated notes

Levels and vault maps discovered:
D:        linesprint [early_d, line_temple, items_1, d_10, items_2, lair_1,
          lair_end, items_3, orc_1, orc_end, items_4, d_15, swamp_1, shoals_1,
          snake_1, spider_1, d_20, vaults_1, items_5, swamp_end, shoals_end,
          snake_end, spider_end, vaults_end, d_27, items_6, zot_1, zot_end,
          crypt_end, forest_end, elf_end, slime_end, tomb_end, abyss_end,
          pan_hell_end]

Skill      XL: |  1  2  3  4  5  6  7  8  9 10 11 12 |
---------------+-------------------------------------+-----
Fighting       | 4 7 8 10 11 12 14 15 17 | 17.2
Armour         | 4 7 8 10 11 12 14 15 17 | 17.2
Shields        | 4 7 8 10 11 12 14 | 14.6
Maces & Flails | 3 6 7 9 10 11 13 15 17 | 17.7
Invocations    | 8 13 | 13.2
Dodging        | 4 7 |  7.3

Action                   |  1- 3 |  4- 6 |  7- 9 | 10-12 | 13-15 || total
-------------------------+-------+-------+-------+-------+-------++-------
Melee: Flail             |    26 |       |       |       |       ||    26
       Whip              |     9 |    16 |   172 |   447 |       ||   644
       Kick              |       |       |       |   148 |       ||   148
       Great mace        |       |       |       |    33 |     1 ||    34
Invok: Minor Destruction |       |       |     3 |       |       ||     3
       Lesser Servant of |       |       |       |     2 |       ||     2
Evoke: Wand              |       |       |     3 |     5 |       ||     8
  Use: Potion            |     4 |       |     3 |     5 |       ||    12
       Scroll            |       |       |       |     4 |       ||     4
Armor: Scale mail        |    18 |       |       |       |       ||    18
       Chain mail        |     9 |       |    91 |   160 |       ||   260
       Plate armour      |       |       |       |    41 |       ||    41
Dodge: Dodged            |    16 |     3 |    42 |   107 |       ||   168
Block: Buckler           |    17 |     1 |    31 |    72 |       ||   121

Table legend: (Time is in decaauts)
 A = Elapsed time spent in this place.
 B = Non-inter-level travel time spent in this place.
 C = Inter-level travel time spent in this place.
 D = Time resting spent in this place.
 E = Time spent auto-exploring this place.
 F = Levels seen in this place.
 G = Mean time per level.
                   A        B        C        D        E       F      G
               +--------+--------+--------+--------+--------+-----+--------+
         Total |   2533 |   2533 |      0 |   1139 |    496 |   1 | 2533.0 |
       Dungeon |   2533 |   2533 |      0 |   1139 |    496 |   1 | 2533.0 |
               +--------+--------+--------+--------+--------+-----+--------+

Top non-repeatable levels by time:
       D: 2533 daAuts
